 Dungeon Crawl Stone Soup version 0.23.2-1-ga50397a (webtiles) character file.

Game seed: 13021272729014873851

18 funkygono the Grave Robber (level 2, 0/19 HPs)
             Began as a Demonspawn Necromancer on May 17, 2019.
             Slain by a kobold
             ... wielding a +0 whip
              (5 damage)
             ... on level 1 of the Dungeon.
             The game lasted 00:01:57 (295 turns).

funkygono the Grave Robber (Demonspawn Necromancer)  Turns: 295, Time: 00:01:58

Health: 0/19       AC:  2    Str:  8    XL:     2   Next: 51%
Magic:  0/5        EV: 17    Int: 16    God:
Gold:   9          SH:  0    Dex: 18    Spells: 3/5 levels left

rFire    . . .     SeeInvis .   e - +3 whip
rCold    . . .     Gourm    .   (no shield)
rNeg     . . .     Faith    .   a - +0 robe
rPois    .         Spirit   .   (no helmet)
rElec    .         Reflect  .   (no cloak)
rCorr    .         Harm     .   (no gloves)
MR       .....                  (no boots)
Stlth    +++.......             (no amulet)
HPRegen  1.06/turn              (no ring)
MPRegen  0.09/turn              (no ring)

@: agile
A: powered by death 1
a: no special abilities


You were on level 1 of the Dungeon.
You were not hungry.

You visited 1 branch of the dungeon, and saw 1 of its levels.

You collected 9 gold pieces.

Inventory:

Hand Weapons
 e - a +3 whip (weapon)
Armour
 a - a +0 robe (worn)
Comestibles
 c - a ration
 d - 10 chunks of flesh


   Skills:
 + Level 1.8 Dodging
 + Level 1.9 Stealth
 + Level 2.3 Spellcasting
 + Level 4.9 Necromancy


You had 3 spell levels left.
You knew the following spells:

 Your Spells              Type           Power        Failure   Level  Hunger
a - Pain                  Necr           ###.         2%          1    #......
b - Animate Skeleton      Necr           N/A          2%          1    #......

Your spell library contained the following spells:

 Spells                   Type           Power        Failure   Level  Hunger
 Vampiric Draining        Necr           ###.......   8%          3    ###....
 Regeneration             Chrm/Necr      #.........   22%         3    ###....
 Animate Dead             Necr           N/A          26%         4    #####..


Dungeon Overview and Level Annotations

Branches:
Dungeon (1/15)

Altars:


Innate Abilities, Weirdness & Mutations

You regenerate a little health from kills.


Message History

Casting: Pain (safe; 2% risk of failure)
Confirm with . or Enter, or press ? or * to list all spells.
Aiming: Pain (safe; 2% risk of failure)
Press: ? - help, Shift-Dir - straight line, f/p - hobgoblin
Aim: a hobgoblin (almost dead, chance to defeat MR: 87%)
The hobgoblin writhes in agony.
You kill the hobgoblin!
Casting: Pain (safe; 2% risk of failure)
Confirm with . or Enter, or press ? or * to list all spells.
Aiming: Pain (safe; 2% risk of failure)
Press: ? - help, Shift-Dir - straight line, f - goblin
Aim: a goblin (chance to defeat MR: 87%)
The goblin writhes in agony.
The goblin barely misses you.
You hit the goblin.
You kill the goblin!
You closely miss the kobold. The kobold closely misses you.
You hit the kobold.
The kobold is heavily wounded.
The kobold hits you with a +0 whip.
You die...

##.....r...#.................
.............................
.............................
............#.##.............
............#...K..#......(..
..l.........#......#.........
......#............#.........
.....##....#####.............
.....#......@Kr......#######.
...........###...............
.............................
........(.........####..#.. .
................##.. #.# .
................#... ..#
................#..# .# .
...............##†## #..
..[............#..####...


You could see a kobold and a rat.

Vanquished Creatures
  A dart slug (D:1)
  A ball python (D:1)
  6 goblins (D:1)
  A hobgoblin (D:1)
  A frilled lizard (D:1)
  2 kobolds (D:1)
  2 rats (D:1)
14 creatures vanquished.

Vanquished Creatures (collateral kills)
  A kobold (D:1)
1 creature vanquished.

Grand Total: 15 creatures vanquished

Notes
Turn   | Place    | Note
-------+----------+-------------------------------------------
     0 | D:1      | funkygono the Demonspawn Necromancer began the quest for
                  | the Orb.
     0 | D:1      | Reached XP level 1. HP: 13/13 MP: 3/3
   150 | D:1      | Gained mutation: You regenerate a little health from kills.
                  | [demonic ancestry]
   150 | D:1      | Reached XP level 2. HP: 11/19 MP: 0/5
   162 | D:1      | Learned a level 1 spell: Animate Skeleton
   295 | D:1      | Slain by a kobold

Action                   || total
-------------------------++-------
Melee: Whip              ||     9
 Cast: Pain              ||    22
       Animate Skeleton  ||     3
  Use: Potion            ||     1
Armor: Robe              ||     3
Dodge: Dodged            ||    18
